SAAA
TORTOLITA DRUMMERS @ PENNSAUKEN FLYERS
08/02/2027
 
TOP OF THE 1ST
Tortolita Drummers batting - Pitching for Pennsauken Flyers : RHP Seong-rae Park
Pitching: RHP Seong-rae Park
Batting: RHB Eddie O'Bryan 0-0: Ball
1-0: Ball
2-0: Called Strike
2-1: Foul Ball, location: 2F
2-2: Ball
3-2: Base on Balls
Batting: RHB Ricardo Pacheco 0-0: Called Strike
0-1: Ball
1-1: Ball
2-1: Ball
3-1: Base on Balls
Eddie O'Bryan to second
Batting: LHB Jesús Morales 0-0: Ball
1-0: Ball
2-0: Ball
3-0: Base on Balls
Eddie O'Bryan to third
Ricardo Pacheco to second
Batting: RHB Jim Lee 0-0: SINGLE (Line Drive, 4D)
Eddie O'Bryan scores
Ricardo Pacheco to third
Jesús Morales to second
Batting: RHB Nathan Horton 0-0: Ball
1-0: SINGLE (Line Drive, 6D)
Ricardo Pacheco scores
Jesús Morales to third
Jim Lee to second
Runner from 3rd tries for Home, SAFE, no throw
Batting: RHB Dave King 0-0: Ground out U3 (Groundball, 34S)
Jim Lee to third
Nathan Horton to second
Batting: SHB Jorge González 0-0: Ball
1-0: Foul Ball, location: 2F
1-1: Swinging Strike
1-2: Strikes out swinging
Batting: RHB Sean Godron 0-0: Ground out 5-3 (Groundball, 5)
Top of the 1st over - 3 run(s), 2 hit(s), 0 error(s), 2 left on base; Tortolita 3 - Pennsauken 0
BOTTOM OF THE 1ST
Pennsauken Flyers batting - Pitching for Tortolita Drummers : RHP Jim Unknown
Pitching: RHP Jim Unknown
Batting: LHB Vinski Prifti 0-0: Swinging Strike
0-1: Foul Ball, location: 2F
0-2: Ball
1-2: Ball
2-2: DOUBLE (Flyball, 7LM)
Batting: RHB Dave Stockman 0-0: Called Strike
0-1: Ground out 5-3 (Groundball, 56S)
Vinski Prifti to third
Batting: RHB Byron Isaacson 0-0: Called Strike
0-1: Ball
1-1: Called Strike
1-2: Foul Ball, location: 2F
1-2: Foul Ball, location: 2F
1-2: Ball
Balk!
Vinski Prifti scores
2-2: Strikes out looking
Batting: RHB José Rodríguez 0-0: SINGLE (Line Drive, 56)
Batting: SHB Nuygen Vuong 0-0: Ball
1-0: Called Strike
1-1: Ball
2-1: Fly out, F5 (Popup, 5)
Bottom of the 1st over - 1 run(s), 2 hit(s), 0 error(s), 1 left on base; Tortolita 3 - Pennsauken 1
TOP OF THE 2ND
Tortolita Drummers batting - Pitching for Pennsauken Flyers : RHP Seong-rae Park
Batting: RHB Stephen Blair 0-0: Swinging Strike
0-1: Swinging Strike
0-2: Ball
1-2: Strikes out swinging
Batting: RHB Eddie O'Bryan 0-0: Ball
1-0: Swinging Strike
1-1: Ball
2-1: Ball
3-1: Foul Ball, location: 2F
3-2: Fly out, F6 (Line Drive, 6)
Batting: RHB Ricardo Pacheco 0-0: Foul Ball, location: 2F
0-1: SINGLE (Groundball, 4MD)
Batting: LHB Jesús Morales 0-0: Ball
Ricardo Pacheco is caught stealing 2nd base
Top of the 2nd over - 0 run(s), 1 hit(s), 0 error(s), 0 left on base; Tortolita 3 - Pennsauken 1
BOTTOM OF THE 2ND
Pennsauken Flyers batting - Pitching for Tortolita Drummers : RHP Jim Unknown
Batting: LHB Brad Lawrence 0-0: Ball
1-0: Swinging Strike
1-1: Bunted foul
1-2: Ball
2-2: Reached via error on a dropped throw, E1
Batting: SHB Bob Lambert 0-0: SINGLE (Line Drive, 34D)
Brad Lawrence to second
Batting: RHB Abdul-Fattah bin Najjar 0-0: Ball
1-0: Grounds into double play, 4-6-3 (Groundball, 4)
Brad Lawrence to third
Batting: RHB Clarence Therrien 0-0: Called Strike
0-1: Foul Ball, location: 2F
0-2: Ball
1-2: Fly out, F9 (Flyball, 9)
Bottom of the 2nd over - 0 run(s), 1 hit(s), 1 error(s), 1 left on base; Tortolita 3 - Pennsauken 1
TOP OF THE 3RD
Tortolita Drummers batting - Pitching for Pennsauken Flyers : RHP Seong-rae Park
Batting: LHB Jesús Morales 0-0: Ball
1-0: Ball
2-0: Swinging Strike
2-1: Ground out 4-3 (Groundball, 4)
Batting: RHB Jim Lee 0-0: Ball
1-0: Called Strike
1-1: Called Strike
1-2: Ball
2-2: Ball
3-2: Strikes out swinging
Batting: RHB Nathan Horton 0-0: Foul Ball, location: 2F
0-1: Swinging Strike
0-2: Ball
1-2: Ball
2-2: Ball
3-2: SINGLE (Line Drive, 4D)
Batting: RHB Dave King 0-0: Ball
1-0: Ball
2-0: Ball
3-0: Base on Balls
Nathan Horton to second
Batting: SHB Jorge González 0-0: Ball
1-0: Ball
2-0: Called Strike
2-1: Foul Ball, location: 2F
2-2: Ball
3-2: Foul Ball, location: 2F
3-2: Ground out 6-3 (Groundball, 6)
Top of the 3rd over - 0 run(s), 1 hit(s), 0 error(s), 2 left on base; Tortolita 3 - Pennsauken 1
BOTTOM OF THE 3RD
Pennsauken Flyers batting - Pitching for Tortolita Drummers : RHP Jim Unknown
Batting: LHB Vinski Prifti 0-0: Ball
1-0: Ball
2-0: Ground out U3 (Groundball, 34)
Batting: RHB Dave Stockman 0-0: Ball
1-0: Foul Ball, location: 2F
1-1: SOLO HOME RUN (Flyball, 7D), Distance : 367 ft
Batting: RHB Byron Isaacson 0-0: Ball
1-0: Called Strike
1-1: Ball
2-1: SINGLE (Groundball, 4M) (infield hit)
Batting: RHB José Rodríguez 0-0: Ball
1-0: Foul Ball, location: 2F
1-1: Swinging Strike
1-2: Strikes out looking
Batting: SHB Nuygen Vuong 0-0: Swinging Strike
0-1: Ball
1-1: Ball
2-1: Ball
3-1: Called Strike
3-2: Base on Balls
Byron Isaacson to second
Batting: LHB Brad Lawrence 0-0: Called Strike
0-1: Ball
1-1: Ball
2-1: Called Strike
2-2: Fielders Choice at 2nd, 4-6 (Groundball, 34)
Bottom of the 3rd over - 1 run(s), 2 hit(s), 0 error(s), 1 left on base; Tortolita 3 - Pennsauken 2
TOP OF THE 4TH
Tortolita Drummers batting - Pitching for Pennsauken Flyers : RHP Seong-rae Park
Batting: RHB Sean Godron 0-0: Ball
1-0: Swinging Strike
1-1: Ball
2-1: Ball
3-1: Base on Balls
Batting: RHB Stephen Blair 0-0: Ball
1-0: Ball
2-0: Ball
3-0: Base on Balls
Sean Godron to second
Batting: RHB Eddie O'Bryan 0-0: Ball
1-0: Called Strike
1-1: Ball
2-1: Ground out 5-3 (Groundball, 56S)
Sean Godron to third
Stephen Blair to second
Batting: RHB Ricardo Pacheco 0-0: Called Strike
0-1: Swinging Strike
0-2: Ground out 4-3 (Groundball, 4M)
Sean Godron scores
Stephen Blair to third
Batting: LHB Jesús Morales 0-0: Foul Ball, location: 2F
0-1: Swinging Strike
0-2: Strikes out looking
Top of the 4th over - 1 run(s), 0 hit(s), 0 error(s), 1 left on base; Tortolita 4 - Pennsauken 2
BOTTOM OF THE 4TH
Pennsauken Flyers batting - Pitching for Tortolita Drummers : RHP Jim Unknown
Batting: SHB Bob Lambert 0-0: Called Strike
0-1: Ball
1-1: Called Strike
1-2: Foul Ball, location: 2F
1-2: Ball
2-2: Strikes out swinging
Batting: RHB Abdul-Fattah bin Najjar 0-0: Ball
1-0: Swinging Strike
1-1: Fly out, F9 (Flyball, 9S)
Batting: RHB Clarence Therrien 0-0: Ball
1-0: Foul Ball, location: 2F
1-1: Swinging Strike
1-2: Strikes out swinging
Bottom of the 4th over - 0 run(s), 0 hit(s), 0 error(s), 0 left on base; Tortolita 4 - Pennsauken 2
TOP OF THE 5TH
Tortolita Drummers batting - Pitching for Pennsauken Flyers : RHP Seong-rae Park
Batting: RHB Jim Lee 0-0: Called Strike
0-1: Ball
1-1: Swinging Strike
1-2: Foul Ball, location: 2F
1-2: Strikes out swinging
Batting: RHB Nathan Horton 0-0: Ball
1-0: SINGLE (Line Drive, 6D)
Batting: RHB Dave King 0-0: Foul Ball, location: 2F
0-1: Ball
1-1: Grounds into double play, 6-4-3 (Groundball, 6)
Top of the 5th over - 0 run(s), 1 hit(s), 0 error(s), 0 left on base; Tortolita 4 - Pennsauken 2
BOTTOM OF THE 5TH
Pennsauken Flyers batting - Pitching for Tortolita Drummers : RHP Jim Unknown
Batting: LHB Vinski Prifti 0-0: Fly out, F7 (Flyball, 7LSF)
Batting: RHB Dave Stockman 0-0: Called Strike
0-1: Foul Ball, location: 2F
0-2: Ball
1-2: Reached on error, E6 (Groundball, 6)
Batting: RHB Byron Isaacson 0-0: Foul Ball, location: 2F
0-1: Ball
1-1: Called Strike
1-2: Strikes out looking
Batting: RHB José Rodríguez 0-0: Ball
1-0: Called Strike
1-1: SINGLE (Flyball, 78S)
Dave Stockman to second
Batting: SHB Nuygen Vuong 0-0: Called Strike
0-1: Ball
1-1: Swinging Strike
1-2: Strikes out swinging
Bottom of the 5th over - 0 run(s), 1 hit(s), 1 error(s), 2 left on base; Tortolita 4 - Pennsauken 2
TOP OF THE 6TH
Tortolita Drummers batting - Pitching for Pennsauken Flyers : RHP Seong-rae Park
Batting: SHB Jorge González 0-0: Ball
1-0: Foul Ball, location: 2F
1-1: Foul Ball, location: 2F
1-2: Ball
2-2: SINGLE (Groundball, 4MD)
Batting: RHB Sean Godron 0-0: Ball
1-0: Swinging Strike
1-1: Ball
2-1: Bunted foul
2-2: Fly out, F7 (Flyball, 7LMF)
Batting: RHB Stephen Blair 0-0: Foul Ball, location: 2F
0-1: Ball
1-1: Foul Ball, location: 2F
1-2: Strikes out swinging
Pitching: RHP Jen-djieh Si
Batting: RHB Eddie O'Bryan 0-0: Ball
1-0: Foul Ball, location: 2F
1-1: Called Strike
1-2: Foul Ball, location: 2F
1-2: Ball
2-2: Fly out, F9 (Flyball, 9S)
Top of the 6th over - 0 run(s), 1 hit(s), 0 error(s), 1 left on base; Tortolita 4 - Pennsauken 2
BOTTOM OF THE 6TH
Pennsauken Flyers batting - Pitching for Tortolita Drummers : RHP Jim Unknown
Batting: LHB Brad Lawrence 0-0: Foul Ball, location: 2F
0-1: Ball
1-1: Bunted foul
1-2: Ball
2-2: Foul Ball, location: 2F
2-2: Ball
3-2: Ground out 1-3 (Groundball, P)
Batting: SHB Bob Lambert 0-0: Ball
1-0: Fly out, F9 (Flyball, 9LSF)
Batting: RHB Abdul-Fattah bin Najjar 0-0: Ball
1-0: Fly out, F7 (Flyball, 7)
Bottom of the 6th over - 0 run(s), 0 hit(s), 0 error(s), 0 left on base; Tortolita 4 - Pennsauken 2
TOP OF THE 7TH
Tortolita Drummers batting - Pitching for Pennsauken Flyers : RHP Jen-djieh Si
Batting: RHB Ricardo Pacheco 0-0: Ball
1-0: Called Strike
1-1: Swinging Strike
1-2: Foul Ball, location: 2F
1-2: Foul Ball, location: 2F
1-2: Ball
2-2: Foul Ball, location: 2F
2-2: Ball
3-2: Base on Balls
Batting: LHB Jesús Morales 0-0: Ball
1-0: Called Strike
1-1: Called Strike
1-2: Foul Ball, location: 2F
1-2: Grounds into double play, 4-6-3 (Groundball, 4)
Batting: RHB Jim Lee 0-0: Ball
1-0: Swinging Strike
1-1: Fly out, F9 (Flyball, 9LMF)
Top of the 7th over - 0 run(s), 0 hit(s), 0 error(s), 0 left on base; Tortolita 4 - Pennsauken 2
BOTTOM OF THE 7TH
Pennsauken Flyers batting - Pitching for Tortolita Drummers : RHP Jim Unknown
Batting: RHB Clarence Therrien 0-0: Ball
1-0: Ball
2-0: Swinging Strike
2-1: Ball
3-1: Called Strike
3-2: Foul Ball, location: 2F
3-2: DOUBLE (Line Drive, 7LM)
Batting: LHB Vinski Prifti 0-0: Ground out 4-3 (Groundball, 4M)
Clarence Therrien to third
Batting: RHB Dave Stockman 0-0: Foul Ball, location: 2F
0-1: Ball
1-1: Ball
2-1: Foul Ball, location: 2F
2-2: Fly out, F9 (Flyball, 9LS)
Runner from 3rd tags up, SCORES, no throw
Batting: RHB Byron Isaacson 0-0: Ball
1-0: Ball
2-0: Ball
3-0: Called Strike
3-1: Base on Balls
Pitching: RHP Mark Sinclair
Pinch Hitting: LHB Javier Antonio 0-0: Ball
1-0: Swinging Strike
1-1: Swinging Strike
1-2: Fielders Choice at 2nd, 5-4 (Groundball, 56)
Bottom of the 7th over - 1 run(s), 1 hit(s), 0 error(s), 0 left on base; Tortolita 4 - Pennsauken 3
TOP OF THE 8TH
Tortolita Drummers batting - Pitching for Pennsauken Flyers : RHP Jen-djieh Si
Now at 2B: Stephen Johnson
Batting: RHB Nathan Horton 0-0: Foul Ball, location: 2F
0-1: Ball
1-1: Ground out 1-3 (Groundball, 13)
Batting: RHB Dave King 0-0: Ball
1-0: Foul Ball, location: 2F
1-1: Ball
2-1: Fly out, F8 (Flyball, 8LS)
Batting: SHB Jorge González 0-0: Called Strike
0-1: Fly out, F8 (Flyball, 8LM)
Top of the 8th over - 0 run(s), 0 hit(s), 0 error(s), 0 left on base; Tortolita 4 - Pennsauken 3
BOTTOM OF THE 8TH
Pennsauken Flyers batting - Pitching for Tortolita Drummers : RHP Mark Sinclair
Pitching: RHP Jason Hubbell
Batting: SHB Nuygen Vuong 0-0: Called Strike
0-1: DOUBLE (Groundball, 5L)
Batting: LHB Brad Lawrence 0-0: Ball
1-0: Sac Bunt - play at first, batter OUT! 1-3
Nuygen Vuong to third
Pinch Hitting: LHB Tim Hargrove 0-0: Ball
1-0: Swinging Strike
1-1: Ball
2-1: Ground out 6-3 (Groundball, 6)
Batting: RHB Abdul-Fattah bin Najjar 0-0: Swinging Strike
0-1: Ball
1-1: Foul Ball, location: 2F
1-2: Foul Ball, location: 2F
1-2: Ball
2-2: SINGLE (Flyball, 9LM)
Nuygen Vuong scores
Pinch Hitting: LHB Nelson Castillo 0-0: Ball
1-0: Foul Ball, location: 2F
1-1: Ball
2-1: Fielders Choice at 2nd, 4-6 (Groundball, 4)
Bottom of the 8th over - 1 run(s), 2 hit(s), 0 error(s), 0 left on base; Tortolita 4 - Pennsauken 4
TOP OF THE 9TH
Tortolita Drummers batting - Pitching for Pennsauken Flyers : RHP Jen-djieh Si
Pitching: LHP Yajirobei Otomo
Now at 3B: Phil Terry
Now in LF: Tim Hargrove
Pinch Hitting: RHB Enrique Marroquín 0-0: Ball
1-0: Ball
2-0: Ball
3-0: Base on Balls
Batting: RHB Stephen Blair 0-0: Ball
1-0: Sac Bunt - play at first, batter OUT! 1-3
Enrique Marroquín to second
Batting: RHB Eddie O'Bryan 0-0: Ball
1-0: Ball
2-0: Foul Ball, location: 2F
2-1: Ball
3-1: Foul Ball, location: 2F
3-2: Base on Balls
Batting: RHB Ricardo Pacheco 0-0: Ball
1-0: Ball
2-0: Called Strike
2-1: Ball
3-1: Ground out 5-3 (Groundball, 25)
Enrique Marroquín to third
Eddie O'Bryan to second
Pinch Hitting: RHB Vincent Klein 0-0: Ball
1-0: Ground out 4-3 (Groundball, 4M)
Top of the 9th over - 0 run(s), 0 hit(s), 0 error(s), 2 left on base; Tortolita 4 - Pennsauken 4
BOTTOM OF THE 9TH
Pennsauken Flyers batting - Pitching for Tortolita Drummers : RHP Jason Hubbell
Now in LF: Francisco Torres
Now in RF: Enrique Marroquín
Batting: LHB Vinski Prifti 0-0: Called Strike
0-1: Ball
1-1: Ground out 6-3 (Groundball, 6)
Batting: RHB Dave Stockman 0-0: Ground out 6-3 (Groundball, 6)
Batting: RHB Byron Isaacson 0-0: SINGLE (Line Drive, 4M)
Pinch Runner at 1st Carlos Soto:
Batting: RHB Stephen Johnson 0-0: Called Strike
0-1: Ball
1-1: Called Strike
Carlos Soto steals 2nd base
1-2: Ball
2-2: Foul Ball, location: 2F
2-2: Ball
3-2: Ground out 5-3 (Groundball, 56)
Bottom of the 9th over - 0 run(s), 1 hit(s), 0 error(s), 1 left on base; Tortolita 4 - Pennsauken 4
TOP OF THE 10TH
Tortolita Drummers batting - Pitching for Pennsauken Flyers : LHP Yajirobei Otomo
Now at 1B: Carlos Soto
Batting: RHB Jim Lee 0-0: Fly out, F4 (Line Drive, 34D)
Batting: RHB Nathan Horton 0-0: Ground out 1-3 (Groundball, 15S)
Batting: RHB Dave King 0-0: Ball
1-0: Called Strike
1-1: Ground out 3-1 (Groundball, 34)
Top of the 10th over - 0 run(s), 0 hit(s), 0 error(s), 0 left on base; Tortolita 4 - Pennsauken 4
BOTTOM OF THE 10TH
Pennsauken Flyers batting - Pitching for Tortolita Drummers : RHP Jason Hubbell
Batting: SHB Nuygen Vuong 0-0: SINGLE (Flyball, 7S)
Batting: LHB Brad Lawrence 0-0: Sac Bunt - play at first, batter OUT! U3
Nuygen Vuong to second
Batting: LHB Tim Hargrove 0-0: Intentional Walk
Batting: RHB Abdul-Fattah bin Najjar 0-0: Foul Ball, location: 2F
0-1: Ball
1-1: Ball
2-1: SINGLE (Groundball, 6MD)
Nuygen Vuong to third
Tim Hargrove to second
Runner from 3rd tries for Home, SAFE, no throw
Saturday, May 26th, 2018 - OOTP Baseball 17.12 Build 75